 Dungeon Crawl Stone Soup version 0.27.0-1-g7a089689b8 (webtiles) character file.

Game seed: 17457815513701762437

214 Descartes the Covert (level 5, 0/40 HPs)
             Began as a Spriggan Delver on Aug 15, 2021.
             Succumbed to a scorpion's poison
             ... on level 5 of the Dungeon.
             The game lasted 00:05:31 (2046 turns).

Descartes the Covert (Spriggan Delver)              Turns: 2046, Time: 00:05:31

Health: 0/40       AC: 22    Str:  9    XL:     5   Next: 60%
Magic:  6/6        EV:  4    Int: 12    God:
Gold:   117        SH:  0    Dex: 16    Spells: 4/4 levels left

rFire    . . .     SeeInvis +   a - +0 short sword
rCold    . . .     Faith    .   (shield restricted)
rNeg     + + +     Spirit   .   (armour currently unavailable)
rPois    +         Reflect  .   (helmet currently unavailable)
rElec    .         Harm     .   (cloak currently unavailable)
rCorr    .         Rampage  .   (gloves unavailable)
Will     .....     NoTele   +   (boots unavailable)
Stlth    ++++......             (no amulet)
HPRegen  0.13/turn              (no ring)
MPRegen  0.10/turn              (no ring)

@: lethally poisoned (0 -> -4), tree-form
A: stationary, stasis, torment immunity, boosted hp, very small, no large
weapons, unfitting armour, see invisible, (speed 3)
a: no special abilities


You were on level 5 of the Dungeon.
You were a tree.
You visited 1 branch of the dungeon, and saw 2 of its levels.

You collected 117 gold pieces.

Inventory:

Hand Weapons
 a - a +0 short sword (weapon)
Missiles
 k - 10 stones (quivered)
Armour
 b - a +0 robe (melded)
Wands
 g - a wand of digging (3)
Scrolls
 c - 2 scrolls of fog
 d - a scroll of magic mapping
 e - 2 scrolls of fear
 i - 2 scrolls of summoning {unknown}
 j - a scroll of identify {unknown}
 m - a scroll of acquirement {unknown}
Potions
 f - a potion of haste
 h - a potion of cancellation


   Skills:
 - Level 2.4 Fighting
 + Level 3.7 Short Blades
 + Level 4.5 Dodging
 * Level 9.5 Stealth


You had 4 spell levels left.
You didn't know any spells.
Your spell library was empty.

Dungeon Overview and Level Annotations

Branches:
Dungeon (5/15)
 Temple: D:4-7

Altars:

Shops:
D:5 =:


Innate Abilities, Weirdness & Mutations

You are a tree.
Your roots penetrate the ground, keeping you stationary.
You cannot be teleported.
You are immune to unholy pain and torment.
Your maximum health is greatly increased.
Your equipment is partially melded.
You are very small and have problems with some larger weapons.
You are too small for most types of armour.
You have supernaturally acute eyesight. (SInv)
((You cover ground extremely quickly. (Speed+++)))


Message History

You hit the scorpion but do no damage.
The scorpion is severely wounded.
The scorpion closely misses you.
You barely miss the scorpion.
The scorpion is severely wounded.
The scorpion barely misses you. The scorpion stings you.
You are poisoned.
The scorpion poisons you!
You hit the scorpion but do no damage.
The scorpion is severely wounded.
You feel very sick. The scorpion stings you!
You are too injured to fight recklessly!
You are too injured to fight recklessly!
You hit the scorpion but do no damage.
The scorpion is severely wounded.
* * * LOW HITPOINT WARNING * * *
You feel very sick. The scorpion misses you.
You completely miss the scorpion.
The scorpion is severely wounded.
* * * LOW HITPOINT WARNING * * *
You feel sick. The scorpion misses you.
It was a potion of cancellation.
You feel magically purged.
* * * LOW HITPOINT WARNING * * *
You feel sick.
The scorpion stings you but does no damage.
It was a potion of lignification.
You turn into a tree.
Your +0 robe melds into your body.
Your roots penetrate the ground.
* * * LOW HITPOINT WARNING * * *
You feel sick.
The scorpion stings you but does no damage.
You barely miss the scorpion.
The scorpion is severely wounded.
* * * LOW HITPOINT WARNING * * *
You feel sick. The scorpion stings you.
* * * LOW HITPOINT WARNING * * *
You hit the scorpion but do no damage.
The scorpion is severely wounded.
You die...

##+# .. ##...## .#
##.....## ###.#
##.......## ##.#[##
#.........####.....##
+....[....'.........#
#....$....###.......#
#.......## #.#.....#
##...♣.## #.##...##
##.s.## #.######
##+## #.# #.# #.#
####.# #..[.#
#####'#..# #...#.##.#


You could see a scorpion.

Vanquished Creatures
  A water moccasin (D:5)
  A hound (D:5)
  A jelly (D:5)
  A bullfrog skeleton (D:5)
  A howler monkey zombie (D:5)
  A howler monkey skeleton (D:5)
  A worm (D:5)
7 creatures vanquished.

Notes
Turn   | Place    | Note
-------+----------+-------------------------------------------
     0 | D:5      | Descartes the Spriggan Delver began the quest for the Orb.
     0 | D:5      | Reached XP level 1. HP: 11/11 MP: 2/2
    33 | D:5      | Found Paulav's Book Boutique.
    65 | D:5      | Reached skill level 8 in Stealth
    65 | D:5      | Reached XP level 2. HP: 16/16 MP: 3/3
    77 | D:5      | Noticed a water moccasin
    87 | D:5      | Killed a water moccasin
    88 | D:5      | Reached skill level 9 in Stealth
    88 | D:5      | Reached XP level 3. HP: 7/19 MP: 4/4
    88 | D:5      | Reached XP level 4. HP: 8/23 MP: 5/5
   393 | D:5      | Found Vicrom's Jewellery Boutique.
   684 | D:5      | Reached XP level 5. HP: 11/27 MP: 6/6
  2045 | D:5      | HP: 2/40 [poisoned by a scorpion]
  2046 | D:5      | Succumbed to a scorpion's poison

Illustrated notes

Levels and vault maps discovered:
D:4:      layout_layer_cave, temple_hall, uniq_duvessa
D:5:      minmay_bubble_buster, layout_loops_corners, serial_shops,
          nicolae_square_shop, shop_coins, roderic_serpentine_path

Skill      XL: |  1  2 |
---------------+-------+-----
Dodging        | 3 4 |  4.5
Stealth        | 8 9 |  9.5
Short Blades   | 3 |  3.7
Fighting       | |  2.4

Action                   |  1- 3 |  4- 6 || total
-------------------------+-------+-------++-------
Melee: Short sword       |     5 |    91 ||    96
  Use: Potion            |       |     2 ||     2
 Stab: Sleeping          |     2 |     3 ||     5
Armor: Robe              |       |    10 ||    10
       Skin              |       |     1 ||     1
Dodge: Dodged            |     3 |    68 ||    71
